 Dungeon Crawl Stone Soup version 0.18.1-5-g4a78601 (webtiles) character file.

10052 Chiseanne the Fighter (level 11, -29/96 HPs)
             Began as a Formicid Ice Elementalist on May 10, 2016.
             Was an Elder of Okawaru.
             Annihilated by a white ugly thing (34 damage)
             ... on level 9 of the Dungeon.
             The game lasted 00:35:49 (11400 turns).

Chiseanne the Fighter (Formicid Ice Elementalist)  Turns: 11400, Time: 00:35:50

Health: -29/96     AC: 14    Str: 18    XL:     11   Next: 85%
Magic:  7/7        EV: 13    Int: 19    God:    Okawaru [****..]
Gold:   41         SH: 21    Dex: 18    Spells: 0 memorised, 14 levels left

rFire  . . .     SeeInvis +     a - +4 morningstar "Aguqopiy" {freeze, rElec rN+ Int+2}
rCold  . . .     Gourm    .     f - +0 ring mail
rNeg   + + .     Faith    .     M - +3 large shield of a treasure trove {rN+ MP-9 Int+2 Dex+4}
rPois  +         Spirit   .     (helmet unavailable)
rElec  +         Dismiss  .     v - +2 cloak {rPois}
rCorr  .         Reflect  .     x - +0 pair of gloves
SustAt .         Harm     .     K - +2 pair of boots
MR     ++...                    (no amulet)
Stlth  ++........               m - ring of protection from magic
                                k - +5 ring of strength

@: very resistant to hostile enchantments, unstealthy
A: permanent stasis, dig shafts and tunnels, four strong arms, antennae 3
a: Dig, Shaft Self, Heroism, Renounce Religion


You were on level 9 of the Dungeon.
You worshipped Okawaru.
Okawaru was greatly pleased with you.
You were hungry.

You visited 1 branch of the dungeon, and saw 9 of its levels.
You also visited: Bailey.

You collected 363 gold pieces.
You spent 322 gold pieces at shops.

Inventory:

Hand Weapons
 a - the +4 morningstar "Aguqopiy" (weapon) {freeze, rElec rN+ Int+2}
   (You bought it in a shop on level 9 of the Dungeon)

   It has been specially enchanted to freeze those struck by it, causing extra
   injury to most foes and up to half again as much damage against particularly
   susceptible opponents.
   It can also slow down cold-blooded creatures.
   It affects your intelligence (+2).
   It insulates you from electricity.
   It protects you from negative energy.
 d - a +3 whip of venom
 q - a +0 blowgun
 s - a +2 halberd of protection
 w - a +0 hunting sling
 C - a +0 bardiche
Missiles
 e - 63 sling bullets
 g - 288 stones (quivered)
 u - 159 bolts
 D - 18 poisoned needles
 H - 5 tomahawks
 I - 2 throwing nets
Armour
 f - a +0 ring mail (worn)
 v - a +2 cloak of poison resistance (worn)
 x - a +0 pair of gloves (worn)
 K - a +2 pair of boots (worn)
 M - the +3 large shield of a treasure trove (worn) {rN+ MP-9 Int+2 Dex+4}
   (You acquired it on level 8 of the Dungeon)

   It affects your intelligence (+2).
   It affects your dexterity (+4).
   It protects you from negative energy.
   It affects your magic capacity (-9).
Jewellery
 k - a +5 ring of strength (left hand)
 m - a ring of protection from magic (right hand)
 n - an uncursed ring of positive energy
 y - an uncursed ring of ice
Wands
 L - a wand of iceblast (8/15)
Scrolls
 h - a scroll of amnesia
 j - a scroll of enchant weapon
 p - 2 scrolls of identify
 z - 2 scrolls of magic mapping
 F - a scroll of immolation
 G - 4 scrolls of remove curse
 J - a scroll of fear {unknown}
Potions
 i - 2 potions of curing
 r - 2 potions of lignification
 t - a potion of resistance
 A - a potion of cancellation
 B - a potion of flight
Books
 b - a book of Frost

   Spells                             Type                      Level
   a - Freeze                         Ice                          1
   b - Throw Frost                    Conjuration/Ice              2
   c - Ozocubu's Armour               Charms/Ice                   3
   d - Throw Icicle                   Conjuration/Ice              4
   e - Summon Ice Beast               Ice/Summoning                4
 E - a book of Battle

   Spells                             Type                      Level
   a - Infusion                       Charms                       1
   b - Shroud of Golubria             Charms/Translocation         2
   c - Song of Slaying                Charms                       2
   d - Spectral Weapon                Hexes/Charms                 3
   e - Regeneration                   Charms/Necromancy            3
Comestibles
 c - 8 bread rations
 l - 3 beef jerkies
 o - 3 meat rations


   Skills:
 - Level 12.4 Fighting
 - Level 7.3 Armour
 - Level 4.8 Dodging
 - Level 2.4 Stealth
 + Level 11.5 Shields
 - Level 2.1 Spellcasting
   Level 0.8 Conjurations
   Level 3.0 Ice Magic
 - Level 7.4 Invocations


You had 14 spell levels left.
You didn't know any spells.

Dungeon Overview and Level Annotations

Branches:
Dungeon (9/15)             Temple (0/1) D:7            Lair (0/8) D:9
    Orc: D:9-12

Altars:
Ashenzari
Cheibriados
Kikubaaqudgha
Makhleb
Nemelex Xobeh
Okawaru
Qazlal
Trog
Xom
Zin
The Shining One

Shops:
D:7 %   D:9 *


Innate Abilities, Weirdness & Mutations

You are under a permanent stasis effect.
You can dig through walls and to a lower floor.
Your four strong arms can wield two-handed weapons with a shield.
You have a pair of large antennae on your head (SInv).


Message History

a - the +4 morningstar "Aguqopiy" (weapon)
{freeze, rElec rN+ Int+2} The white ugly thing tail-slaps you.
The white ugly thing freezes you!!
You closely miss the white ugly thing.
The white ugly thing is lightly wounded.
The white ugly thing tail-slaps you! The white ugly thing freezes you!!
* * * LOW HITPOINT WARNING * * *
You sock the white ugly thing! You freeze the white ugly thing.
The white ugly thing is heavily wounded.
The white ugly thing tail-slaps you but does no damage. x2
Drink which item? (? for menu, Esc to quit)
Okay, then.
Read which item? (? for menu, Esc to quit)
Okay, then.
Read which item? (? for menu, Esc to quit)
Okay, then.
Drink which item? (? for menu, Esc to quit)
You feel better. The white ugly thing tail-slaps you!
* * * LOW HITPOINT WARNING * * *
The white ugly thing freezes you!!
You die...

#..)...# ####.#### #.# #.#.##.##
####.#######.######
#.#.....###..........#......#
#.##.###.##.##.##.##.#.####.#
#.#.## ##.#.##.##......####.#
#...# #.........##.#.#....#
###.## ##.#....##.##.#.#.#..#####
##.###.##....##.##.#.#.#.......
##...###....u@....#.....<#####
##### #...##########.#### ##
#...####### ##.## .#
#.........###...# ####
.##########..(.####.##.?..# #...
..##.(...............#....####...
...(([.>.....(.......#.#####.....
.).#....................# #.#...
...########....##.#..#..# ##.#...


You could see a white ugly thing.

Vanquished Creatures
  The ghost of PeterLawrence the Basher, a novice MiFi of Okawaru (D:9)
  A moth of wrath (D:7)
  A spriggan (D:7)
  A wyvern (D:9)
  Eustachio (D:6)
  A hungry ghost (D:8)
  Edmund (D:5)
  7 orc warriors
  A sky beast (D:8)
  5 ogres
  2 phantoms
  5 centaurs
  A big kobold (D:8)
  8 giant frogs
  A gnoll sergeant (D:5)
  A water moccasin zombie (D:5)
  4 scorpions
  6 killer bees
  4 wights (D:6)
  5 howler monkeys
  A centaur zombie (D:5)
  3 crimson imps
  7 hounds
  3 iron imps (D:7)
  Crazy Yiuf (D:4)
  3 orc priests
  2 centaur skeletons
  4 orc wizards
  Jessica (D:3)
  6 iguanas
  Natasha (thrice) (D:4)
  6 worker ants
  Terence (D:2)
  A killer bee zombie (D:9)
  Robin (D:2)
  16 gnolls
  9 adders
  A river rat (Bailey)
  A shadow imp (D:8)
  An adder skeleton (D:7)
  5 worms
  5 dart slugs (D:1)
  3 giant geckos
  28 orcs
  8 bats
  6 giant cockroaches
  19 goblins
  9 hobgoblins
  22 jackals
  5 quokkas
  3 ball pythons
  A ball python zombie (D:5)
  A giant gecko zombie (D:6)
  5 giant newts
  15 kobolds
  A quokka skeleton (D:7)
  16 rats
280 creatures vanquished.

Notes
Turn   | Place    | Note
--------------------------------------------------------------
     0 | D:1      | Chiseanne the Formicid Ice Elementalist began the quest for the Orb.
     0 | D:1      | Reached XP level 1. HP: 13/13 MP: 3/3
    66 | D:1      | Reached skill level 1 in Fighting
   277 | D:1      | Reached XP level 2. HP: 19/21 MP: 5/5
   291 | D:1      | Reached skill level 2 in Fighting
   648 | D:1      | Reached XP level 3. HP: 25/28 MP: 6/6
   982 | D:1      | Reached skill level 3 in Fighting
  1469 | D:1      | Reached XP level 4. HP: 26/35 MP: 7/7
  1825 | D:2      | Noticed Terence
  1828 | D:2      | Killed Terence
  1828 | D:2      | Reached skill level 4 in Fighting
  1855 | D:2      | Noticed Robin
  1883 | D:2      | Reached XP level 5. HP: 38/43 MP: 8/8
  1892 | D:2      | Killed Robin
  2017 | D:2      | Reached skill level 5 in Fighting
  2075 | D:2      | Found a shattered altar of Ashenzari.
  2170 | D:2      | Found an iron altar of Okawaru.
  2182 | D:2      | Became a worshipper of Warmaster Okawaru
  2453 | D:2      | Found a shimmering altar of Xom.
  2557 | D:2      | Reached XP level 6. HP: 35/52 MP: 9/9
  2566 | D:2      | Reached skill level 6 in Fighting
  3102 | D:3      | Reached skill level 7 in Fighting
  3102 | D:3      | Reached XP level 7. HP: 43/60 MP: 10/10
  3387 | D:3      | Noticed Jessica
  3393 | D:3      | Killed Jessica
  3962 | D:3      | Reached skill level 8 in Fighting
  4124 | D:4      | HP: 3/62 [ogre/giant club (27)]
  4130 | D:4      | Reached * piety under Okawaru
  4514 | D:4      | Found a stormy altar of Qazlal.
  4525 | D:4      | Found a sparkling altar of Nemelex Xobeh.
  4682 | D:4      | Noticed Crazy Yiuf
  4692 | D:4      | Killed Crazy Yiuf
  4739 | D:4      | Noticed Natasha
  4759 | D:4      | Killed Natasha
  4759 | D:4      | Reached XP level 8. HP: 66/70 MP: 11/11
  4772 | D:4      | Reached skill level 9 in Fighting
  4939 | D:4      | Noticed Natasha
  5047 | D:4      | Killed Natasha
  5149 | D:4      | Noticed Natasha
  5155 | D:4      | Killed Natasha
  5265 | D:4      | Reached skill level 10 in Fighting
  5597 | D:4      | Found a glowing golden altar of the Shining One.
  5627 | D:5      | Entered Level 5 of the Dungeon
  5751 | D:5      | Found an ancient bone altar of Kikubaaqudgha.
  5927 | D:5      | Reached skill level 1 in Armour
  6309 | D:5      | Reached ** piety under Okawaru
  6399 | D:5      | Reached skill level 5 in Armour
  6399 | D:5      | Reached XP level 9. HP: 55/78 MP: 12/12
  6532 | D:5      | Noticed Edmund
  6544 | D:5      | Killed Edmund
  6634 | D:5      | You fall through a shaft!
  6725 | D:6      | Reached skill level 1 in Shields
  7173 | D:6      | Found a snail-covered altar of Cheibriados.
  7186 | D:6      | Noticed Eustachio
  7211 | D:6      | Reached skill level 5 in Shields
  7240 | D:6      | Killed Eustachio
  7549 | D:6      | Reached *** piety under Okawaru
  7783 | D:7      | Found a bloodstained altar of Trog.
  7783 | D:7      | Noticed a moth of wrath
  7922 | D:7      | Killed a moth of wrath
  7922 | D:7      | Reached XP level 10. HP: 38/85 MP: 13/13
  8177 | D:7      | Found a staircase to the Ecumenical Temple.
  8216 | D:7      | Reached skill level 1 in Invocations
  8354 | D:7      | Found Yhuar's Food Emporium.
  8387 | D:7      | Found a flagged portal.
  8399 | Bailey   | Entered a bailey
  8679 | Bailey   | Reached skill level 5 in Invocations
  9082 | Bailey   | Reached skill level 12 in Fighting
  9082 | Bailey   | Reached skill level 10 in Shields
  9082 | Bailey   | Reached XP level 11. HP: 96/96 MP: 15/15
  9084 | Bailey   | Noticed an orc knight
  9493 | D:7      | Found a burning altar of Makhleb.
  9828 | D:8      | Paralysed by fainting for 11 turns
  9933 | D:8      | Reached **** piety under Okawaru
  9983 | D:8      | Found a glowing silver altar of Zin.
  9983 | D:8      | Noticed an angel
 10109 | D:8      | Identified a scroll of acquirement
 10110 | D:8      | Got a jewelled large shield
 10121 | D:8      | Identified the +3 large shield of a treasure trove {rN+ MP-9 Int+2 Dex+4} (You acquired it on level 8 of the Dungeon)
 10206 | D:9      | Noticed PeterLawrence's ghost (novice MiFi)
 10434 | D:9      | Killed PeterLawrence's ghost
 10754 | D:9      | Found Haweaclarph's Assorted Antiques.
 10761 | D:9      | Bought an ichor-stained morningstar for 207 gold pieces
 10761 | D:9      | Bought a scratched tourmaline ring for 115 gold pieces
 10762 | D:9      | Identified the +4 morningstar "Aguqopiy" {freeze, rElec rN+ Int+2} (You bought it in a shop on level 9 of the Dungeon)
 10784 | D:9      | Found a staircase to the Lair.
 11377 | D:9      | Noticed a white ugly thing
 11400 | D:9      | Annihilated by a white ugly thing

Skill      XL: |  1  2  3  4  5  6  7  8  9 10 11 |
---------------+----------------------------------+-----
Fighting       | 1 2 3 4 5 7 8 10 12 | 12.4
Armour         | 5 7 |  7.3
Shields        | 5 10 11 | 11.5
Dodging        | 4 |  4.8
Invocations    | 5 7 |  7.4
Stealth        | |  2.4
Spellcasting   | |  2.1
Conjurations   | |  0.8
Ice Magic      | |  3.0

Action                   |  1- 3 |  4- 6 |  7- 9 | 10-12 || total
-------------------------+-------+-------+-------+-------++-------
Melee: Unarmed           |    24 |       |       |       ||    24
       Halberd           |    47 |    88 |   103 |    64 ||   302
       Whip              |       |   113 |   379 |   260 ||   752
       Flail             |       |       |    19 |    41 ||    60
       Morningstar       |       |       |       |    75 ||    75
 Fire: Hunting sling     |       |     6 |       |    19 ||    25
Throw: Stone             |     1 |       |       |       ||     1
 Cast: Freeze            |    16 |       |       |       ||    16
Invok: Heroism           |       |       |     1 |     3 ||     4
 Abil: Dig               |     3 |     7 |    14 |     1 ||    25
Evoke: Wand              |       |       |       |     5 ||     5
  Use: Scroll            |       |     8 |     7 |     6 ||    21
       Potion            |       |       |     4 |     6 ||    10
 Stab: Sleeping          |     2 |     2 |     1 |       ||     5
       Distracted        |       |     1 |       |       ||     1
  Eat: Chunk             |     2 |     7 |    18 |    11 ||    38
       Fruit             |       |       |       |     5 ||     5
       Royal jelly       |       |       |       |     1 ||     1
Armor: Robe              |    21 |     6 |       |       ||    27
       Ring mail         |       |    61 |    21 |    21 ||   103
       Scale mail        |       |       |   186 |   114 ||   300
       Skin              |       |       |     4 |       ||     4
Dodge: Dodged            |    40 |    91 |   222 |   191 ||   544
Block: Buckler           |     5 |    26 |    81 |    73 ||   185
       Large shield      |       |       |       |   215 ||   215
